 Dungeon Crawl Stone Soup version 0.28-a0-313-gbc0475efdd (webtiles) character file.

Game seed: 3374660092187359838

24 thedisplayname the Sneak (level 3, -1/19 HPs)
             Began as a Kobold Enchanter on Aug 31, 2021.
             Killed from afar by Natasha (6 damage)
             ... with a magic dart
             ... on level 2 of the Dungeon.
             The game lasted 00:02:54 (2855 turns).

thedisplayname the Sneak (Kobold Enchanter)         Turns: 2855, Time: 00:02:54

Health: -1/19      AC:  3    Str:  6    XL:     3   Next: 15%
Magic:  1/6        EV: 14    Int: 16    God:
Gold:   46         SH:  0    Dex: 15    Spells: 4/6 levels left

rFire   . . .      SeeInvis .   a - +1 dagger
rCold   . . .      Faith    .   (shield restricted)
rNeg    . . .      Spirit   .   g - +0 leather armour
rPois   .          Reflect  .   (no helmet)
rElec   .          Harm     .   (no cloak)
rCorr   .          Rampage  .   (no gloves)
Will    .....                   (no boots)
Stlth   +++.......              (no amulet)
HPRegen 0.06/turn               (no ring)
MPRegen 0.10/turn               (no ring)

@: very slightly contaminated, invisible
A: small, no large weapons, nightstalker 3
a: no special abilities


You were on level 2 of the Dungeon.
You visited 1 branch of the dungeon, and saw 2 of its levels.

You collected 46 gold pieces.

Inventory:

Hand Weapons
 a - a +1 dagger (weapon)
Armour
 b - a +0 robe
 g - a +0 leather armour (worn)
Jewellery
 f - a +6 ring of intelligence
Scrolls
 d - 2 scrolls of noise
 e - 2 scrolls of identify
 h - a scroll of immolation {unknown}
Potions
 i - a potion of curing {unknown}


   Skills:
 + Level 2.2 Short Blades
 - Level 2.4 Dodging
 + Level 4.4 Stealth
 - Level 2.1 Spellcasting
 * Level 3.6 Hexes


You had 4 spell levels left.
You knew the following spells:

 Your Spells              Type           Power      Damage    Failure   Level
a - Ensorcelled Hibernat  Hex/Ice        14%        N/A       22%         2

Your spell library contained the following spells:

 Spells                   Type           Power      Damage    Failure   Level
 Confusing Touch          Hex            13%        N/A       22%         3
 Tukima's Dance           Hex            13%        N/A       22%         3
 Dazzling Flash           Conj/Hex       14%        N/A       41%         3


Dungeon Overview and Level Annotations

Branches:
Dungeon (2/15)

Altars:
Beogh

Annotations:
D:2 Natasha


Innate Abilities, Weirdness & Mutations

You are small and have problems with some larger weapons.
You are completely attuned to the shadows.


Message History

You resist with significant effort.
Natasha is nearby!
Casting: Ensorcelled Hibernation (safe; 22% risk of failure)
Confirm with . or Enter, or press ? or * to list all spells.
Aiming: Ensorcelled Hibernation (safe; 22% risk of failure)
Press: ? - help, Shift-Dir - straight line, f - Natasha
Aim: Natasha (chance to affect: 38%) Natasha resists with some effort.
Casting: Ensorcelled Hibernation (safe; 22% risk of failure)
Confirm with . or Enter, or press ? or * to list all spells.
Aiming: Ensorcelled Hibernation (safe; 22% risk of failure)
Press: ? - help, Shift-Dir - straight line, f/p - Natasha
Aim: Natasha (chance to affect: 38%)
You miscast Ensorcelled Hibernation.
You are very lightly contaminated with residual magic.
Nothing appears to happen.
Natasha stares at you and mumbles some strange words.
The magic dart hits you!
Casting: Ensorcelled Hibernation (safe; 22% risk of failure)
Confirm with . or Enter, or press ? or * to list all spells.
Aiming: Ensorcelled Hibernation (safe; 22% risk of failure)
Press: ? - help, Shift-Dir - straight line, f/p - Natasha
Aim: Natasha (chance to affect: 38%) Natasha resists with some effort.
Casting: Ensorcelled Hibernation (safe; 22% risk of failure)
Confirm with . or Enter, or press ? or * to list all spells.
You don't have enough magic to cast this spell.
Unknown command.
You completely miss Natasha. Natasha claws you.
* * * LOW HITPOINT WARNING * * *
You fade into invisibility!
Natasha stares at you and mumbles some strange words.
You resist with significant effort.
Natasha hisses.
Natasha hisses.
Natasha misses you.
Natasha casts a spell.
Natasha stares at you and mumbles some strange words.
The magic dart hits you.
You die...

######## #.##...###
#.#..###..#
###.###.###..# #..##
##.##..#####
#.#.###..........#####
#.##.#.#####........<#
#. ##..#####.........#
.. #.......h..@).....#
#......###5.......#
#......# #........#
#......###........#
#)................#
##.......####.#.#.##
##........####.#.#.#
#...#.#.PP#......#.#
.......PP♣..##.###.#


You could see Natasha and a white imp (summoned, wandering).

Vanquished Creatures
  2 dart slugs (D:1)
  2 endoplasms (D:1)
  A giant cockroach (D:1)
  4 goblins
  2 hobgoblins (D:1)
  3 kobolds
  A frilled lizard (D:1)
  3 rats (D:1)
18 creatures vanquished.

Vanquished Creatures (others)
  A plant (D:2)
1 creature vanquished.

Grand Total: 19 creatures vanquished

Notes
Turn   | Place    | Note
-------+----------+-------------------------------------------
     0 | D:1      | thedisplayname the Kobold Enchanter began the quest for the
                  | Orb.
     0 | D:1      | Reached XP level 1. HP: 10/10 MP: 3/3
    52 | D:1      | Reached XP level 2. HP: 15/15 MP: 5/5
   433 | D:1      | Found a faded altar of an unknown god.
  1101 | D:1      | Learned a level 2 spell: Ensorcelled Hibernation
  2084 | D:1      | Reached XP level 3. HP: 19/19 MP: 6/6
  2838 | D:2      | Noticed Natasha
  2855 | D:2      | Killed from afar by Natasha

Illustrated notes

Levels and vault maps discovered:
D:1:      minmay_arrival_jagged, layout_basic,
          hellmonk_ecumenical_altar_defaced_shrine, serial_rivers,
          chequers_serial_rivers_marsh, chequers_serial_rivers_micro_b,
          chequers_serial_rivers_small_a, chequers_serial_rivers_micro_b,
          chequers_serial_rivers_room_a
D:2:      layout_loops_cross, basic_altar, serial_forest,
          infiniplex_forest_clump_curved, infiniplex_forest_lined_3,
          infiniplex_forest_clump_medium, infiniplex_forest_clump_tiny,
          infiniplex_forest_lined_2, minmay_fractal_squares_5, uniq_terence,
          uniq_natasha

Skill      XL: |  1  2 |
---------------+-------+-----
Short Blades   | 2 |  2.2
Dodging        | |  2.4
Stealth        | |  4.4
Spellcasting   | |  2.1
Hexes          | |  3.6

Action                   || total
-------------------------++-------
Melee: Dagger            ||    73
 Cast: Ensorcelled Hiber ||     4
  Use: Scroll            ||     1
       Potion            ||     1
 Stab: Sleeping          ||     7
Armor: Robe              ||    11
       Leather armour    ||     1
Dodge: Dodged            ||    46

Table legend: (Time is in decaauts)
 A = Elapsed time spent in this place.
 B = Non-inter-level travel time spent in this place.
 C = Inter-level travel time spent in this place.
 D = Time resting spent in this place.
 E = Time spent auto-exploring this place.
 F = Levels seen in this place.
 G = Mean time per level.
                   A        B        C        D        E       F      G
               +--------+--------+--------+--------+--------+-----+--------+
         Total |   2861 |   2848 |     13 |   1539 |   1010 |   2 | 1430.5 |
       Dungeon |   2861 |   2848 |     13 |   1539 |   1010 |   2 | 1430.5 |
               +--------+--------+--------+--------+--------+-----+--------+

Top non-repeatable levels by time:
     D:1: 2394 daAuts
     D:2: 466 daAuts
